 Dungeon Crawl Stone Soup version 0.17.0-28-g6e173f8 (console) character file.

425 Kloppie the Gusty (level 6, 0/36 HPs)
             Began as a High Elf Air Elementalist on Dec 2, 2015.
             Was an Initiate of Vehumet.
             Slain by Pikel
             ... wielding a +2 whip of electrocution
              (7 damage)
             ... on level 4 of the Dungeon.
             The game lasted 00:11:33 (4176 turns).

Kloppie the Gusty (High Elf Air Elementalist)       Turns: 4176, Time: 00:11:33

Health: 0/36       AC:  2    Str:  7    XL:     6   Next: 64%
Magic:  4/10       EV: 14    Int: 22    God:    Vehumet [......]
Gold:   199        SH:  0    Dex: 15    Spells: 4 memorised, 1 level left

rFire  . . .     SeeInvis .     n - +0 falchion
rCold  . . .     Clarity  .     a - +0 robe
rNeg   . . .     SustAt   .     (no shield)
rPois  .         Gourm    .     (no helmet)
rElec  .         Spirit   .     (no cloak)
rCorr  .         Warding  .     (no gloves)
rMut   .         Stasis   .     (no boots)
MR     .....                    (no amulet)
Stlth  ++........               (no ring)
                                (no ring)

@: not resistant to hostile enchantments, unstealthy
A: no striking features
a: Renounce Religion


You were on level 4 of the Dungeon.
You worshipped Vehumet.
Vehumet was noncommittal.
You were not hungry.

You visited 1 branch of the dungeon, and saw 4 of its levels.

You collected 199 gold pieces.

Inventory:

Hand Weapons
 h - a +0 dagger
 l - a +0 short sword
 n - a +0 falchion (weapon)
Armour
 a - a +0 robe (worn)
Wands
 t - a wand of magic darts (22)
Scrolls
 e - 2 scrolls of identify {unknown}
 f - 3 scrolls of enchant armour {unknown}
 o - 3 scrolls of amnesia {unknown}
 p - 2 scrolls of fear {unknown}
 q - 2 scrolls of teleportation
 u - 2 scrolls of remove curse
Potions
 g - 2 potions of curing {unknown}
 i - 3 potions of agility {unknown}
 j - a potion of brilliance {unknown}
 k - a potion of heal wounds {unknown}
 m - a potion of flight {unknown}
 r - a potion of magic {unknown}
 s - a potion of poison {unknown}
 v - 3 potions of haste {unknown}
 x - a potion of might {unknown}
 z - a potion of invisibility {unknown}
 A - 2 potions of resistance {unknown}
Books
 b - a book of Air

   Spells                             Type                      Level
   a - Shock                          Conjuration/Air              1
   b - Swiftness                      Charms/Air                   2
   c - Repel Missiles                 Charms/Air                   2
   d - Static Discharge               Conjuration/Air              3
   e - Lightning Bolt                 Conjuration/Air              5
Comestibles
 c - 2 bread rations
 d - a slice of pizza
 w - 2 chunks of flesh


   Skills:
 + Level 0.0 Fighting
 + Level 4.6 Dodging
 - Level 2.1 Stealth
 - Level 2.4 Spellcasting
 - Level 4.6 Conjurations
 + Level 6.0 Air Magic


You had one spell level left.
You knew the following spells:

 Your Spells              Type           Power        Failure   Level  Hunger
a - Shock                 Conj/Air       ####         1%          1    None
b - Swiftness             Chrm/Air       ###.....     8%          2    ##.....
c - Repel Missiles        Chrm/Air       ###...       8%          2    ##.....
d - Static Discharge      Conj/Air       ####....     6%          3    ###....


Dungeon Overview and Level Annotations

Branches:
Dungeon (4/15)
 Temple: D:4-7

Altars:
Cheibriados
Gozag
Kikubaaqudgha
Makhleb
Okawaru
Vehumet
Zin
The Shining One

Annotations:
D:2 Sigmund, Terence
D:3 Natasha
D:4 Pikel


Message History

You are electrocuted!
Ouch! That really hurt!
* * * LOW HITPOINT WARNING * * *
Casting: Shock
Confirm with . or Enter, or press ? or * to list all spells.
Aiming: Shock
Press: ? - help, Shift-Dir - straight line, f/p - Pikel
Aim: Pikel, wielding a whip of electrocution and wearing a robe (almost dead)
The zap hits Pikel.
Pikel is almost dead.
Pikel barely misses you.
Casting: Shock
Confirm with . or Enter, or press ? or * to list all spells.
Aiming: Shock
Press: ? - help, Shift-Dir - straight line, f/p - Pikel
Aim: Pikel, wielding a whip of electrocution and wearing a robe (almost dead)
The zap hits Pikel.
Pikel is almost dead.
Pikel hits you with a whip of electrocution!
You die...

##########
#........#
##........#
##...K@....#
#....#######
#####..p..###
#######....p......#
..................#
)(.###....###...###
##.##....## #####
#.##....#
##.......#


You could see Pikel and 2 slaves.

Vanquished Creatures
  Duvessa (D:4)
  An ogre (D:4)
  Dowan (D:4)
  A hound (D:4)
  An orc priest (D:3)
  Ijyb (D:2)
  3 adders
  2 adder skeletons (D:4)
  3 worms
  8 orcs (D:3)
  A ball python (D:3)
  7 bats
  A giant cockroach (D:3)
  11 goblins
  10 hobgoblins
  3 jackals
  3 kobolds
  A quokka (D:3)
  A giant gecko (D:2)
  3 giant newts
  4 rats
67 creatures vanquished.

Notes
Turn   | Place    | Note
--------------------------------------------------------------
     0 | D:1      | Kloppie the High Elf Air Elementalist began the quest for the Orb.
     0 | D:1      | Reached XP level 1. HP: 11/11 MP: 4/4
   567 | D:1      | Reached XP level 2. HP: 17/17 MP: 4/6
  1186 | D:2      | Noticed Ijyb
  1196 | D:2      | Killed Ijyb
  1196 | D:2      | Reached skill level 4 in Air Magic
  1196 | D:2      | Reached XP level 3. HP: 19/21 MP: 0/7
  1267 | D:2      | Noticed Terence
  1671 | D:2      | Reached XP level 4. HP: 24/27 MP: 0/8
  1771 | D:2      | Noticed Sigmund
  1850 | D:3      | Noticed Natasha
  2205 | D:3      | Found an iron altar of Okawaru.
  2608 | D:3      | Found a radiant altar of Vehumet.
  2620 | D:3      | Became a worshipper of Vehumet
  2680 | D:3      | Reached XP level 5. HP: 26/31 MP: 4/9
  2952 | D:3      | Learned a level 2 spell: Swiftness
  2960 | D:3      | Learned a level 2 spell: Repel Missiles
  2964 | D:3      | Learned a level 3 spell: Static Discharge
  3156 | D:4      | Noticed an ogre
  3346 | D:4      | Reached skill level 5 in Air Magic
  3406 | D:4      | Found a glowing silver altar of Zin.
  3437 | D:4      | Found an ancient bone altar of Kikubaaqudgha.
  3439 | D:4      | Found a burning altar of Makhleb.
  3442 | D:4      | Found a snail-covered altar of Cheibriados.
  3449 | D:4      | Found a glowing golden altar of the Shining One.
  3449 | D:4      | Found an opulent altar of Gozag.
  3467 | D:4      | Noticed Pikel
  3496 | D:4      | Noticed Duvessa
  3496 | D:4      | Noticed Dowan
  3512 | D:4      | Killed Dowan
  3577 | D:4      | Noticed a slave
  3577 | D:4      | Noticed a slave
  3776 | D:4      | Killed Duvessa
  3776 | D:4      | Reached XP level 6. HP: 9/36 MP: 3/10
  4114 | D:4      | Killed an ogre
  4114 | D:4      | Reached skill level 6 in Air Magic
  4171 | D:4      | Noticed a slave
  4176 | D:4      | Slain by Pikel

Action                   |  1- 3 |  4- 6 || total
-------------------------+-------+-------++-------
Melee: Dagger            |     7 |       ||     7
       Falchion          |       |    26 ||    26
 Cast: Shock             |    63 |    97 ||   160
  Use: Scroll            |     4 |       ||     4
  Eat: Chunk             |     2 |     8 ||    10
